 Dungeon Crawl Stone Soup version 0.21.0-3-g78d12a8 (webtiles) character file.

2982 Mgcat the Cleaver (level 9, -3/75 HPs)
             Began as a Minotaur Berserker on Jan 10, 2018.
             Was an Elder of Trog.
             Slain by an orc high priest
             ... wielding a +0 war axe
              (9 damage)
             ... in a bailey on Jan 11, 2018.
             The game lasted 00:18:40 (5689 turns).

Mgcat the Cleaver (Minotaur Berserker)              Turns: 5689, Time: 00:18:41

Health: -3/75      AC:  5    Str: 23    XL:     9   Next: 53%
Magic:  10/10      EV:  4    Int:  4    God:    Trog [****..]
Gold:   371        SH:  0    Dex: 12    Spells: 8/8 levels left

rFire    . . .     SeeInvis .   z - +4 war axe (chop)
rCold    . . .     Gourm    .   (no shield)
rNeg     . . .     Faith    .   y - +0 crystal plate armour
rPois    .         Spirit   .   (helmet restricted)
rElec    .         Reflect  .   (no cloak)
rCorr    +         Harm     .   (no gloves)
MR       ++...                  (no boots)
Stlth    ..........             (no amulet)
HPRegen  1.22/turn              h - ring of resist corrosion
MPRegen  0.12/turn              (no ring)

@: corroded, berserk cooldown, regenerating, slowed, very slow
A: retaliatory headbutt, horns 2
a: Berserk, Trog's Hand, Brothers in Arms, Burn Spellbooks, Renounce Religion


You were in a bailey.
You worshipped Trog.
Trog was greatly pleased with you.
You were not hungry.

You visited 1 branch of the dungeon, and saw 7 of its levels.
You also visited: Bailey.

You collected 371 gold pieces.

Inventory:

Hand Weapons
 a - a +0 hand axe
 z - a +4 war axe of chopping (weapon)
Armour
 g - a +0 chain mail
 y - a +0 crystal plate armour (worn)
Jewellery
 h - a ring of resist corrosion (left hand)
Wands
 i - a wand of enslavement (15)
 v - a wand of disintegration (14)
Scrolls
 f - 3 scrolls of teleportation
 j - 7 scrolls of identify
 l - 2 scrolls of remove curse
 m - 3 scrolls of enchant weapon
 o - a scroll of noise {unknown}
 t - 2 scrolls of immolation
Potions
 b - 3 potions of curing
 d - a potion of haste {unknown}
 e - a potion of flight {unknown}
 k - 5 potions of mutation
 p - a potion of ambrosia {unknown}
 q - a potion of brilliance {unknown}
 u - a potion of degeneration {unknown}
 x - a potion of agility
Comestibles
 c - 10 rations
 n - 2 chunks of flesh


   Skills:
 + Level 5.7 Fighting
 + Level 13.7 Axes
 + Level 5.0 Armour
 - Level 2.1 Dodging
 + Level 3.1 Evocations


You had 8 spell levels left.
You didn't know any spells.

Dungeon Overview and Level Annotations

Branches:
Dungeon (7/15)             Temple (0/1) D:5

Altars:
Ashenzari
Fedhas
Kikubaaqudgha
Nemelex Xobeh
Uskayaw
Xom


Innate Abilities, Weirdness & Mutations

You reflexively headbutt those who attack you in melee.
You have a pair of horns on your head.


Message History

The orc warrior hits you with a war axe!
A gnoll comes into view. It is wielding a hand axe.
You closely miss the orc high priest. You headbutt the orc high priest!
The orc high priest is moderately wounded.
Your crystal plate armour prevents you from hitting the orc warrior.
You hit the rust devil but do no damage.
The orc high priest hits you with a war axe!
The rust devil hits you!
* * * LOW HITPOINT WARNING * * *
The rust devil corrodes you!
The orc warrior hits you with a war axe!
* * * LOW HITPOINT WARNING * * *
An orc comes into view. It is wielding a hand axe.
Okay, then.
You hit the rust devil but do no damage.
The rust devil is severely wounded.
You closely miss the orc high priest. You slash the orc warrior!
The rust devil hits you.
The orc high priest hits you with a war axe!
You die...

+.....o #.8K..
#..4. #.8.###
#.o...#######
#.8g..#.....#
#...g.#.....#
####.o#..⌠..#..#
#..o@4...'..#
#..g.o...'..#
#####))'#####
#....().....#
##≈≈≈≈...≈≈≈≈#####
≈≈≈≈≈≈≈...≈≈≈≈≈≈≈≈≈
≈≈≈≈≈≈≈...≈≈≈≈≈≈≈≈≈
≈≈≈≈≈≈≈...≈≈≈≈≈≈≈≈≈
≈≈≈≈≈≈≈...≈≈≈≈≈≈≈≈≈


You could see an orc high priest, a rust devil, an orc warrior, a gnoll, 2 orcs,
a hobgoblin and a goblin.

Vanquished Creatures
  A kobold demonologist (Bailey)
  A hippogriff (D:7)
  Sigmund (D:3)
  Menkaure (D:7)
  Duvessa (D:6)
  2 orc warriors (Bailey)
  2 sky beasts (D:5)
  A centaur (D:5)
  3 ogres (D:5)
  Blork the orc (D:5)
  A bullfrog (D:6)
  Dowan (D:6)
  7 scorpions
  An electric eel (Bailey)
  3 crimson imps
  2 bullfrog zombies
  2 hounds
  3 orc wizards
  An orc priest (D:6)
  2 jellies (D:5)
  6 iguanas
  2 worker ants (D:6)
  A hound skeleton (D:4)
  4 gnolls (D:3)
  A howler monkey skeleton (D:5)
  9 adders
  3 shadow imps
  An ooze (D:4)
  An adder skeleton (D:4)
  2 worms
  2 dart slugs
  5 leopard geckos
  17 orcs
  3 ball pythons
  3 giant cockroaches
  10 goblins
  5 hobgoblins
  10 jackals
  4 kobolds
  3 quokkas
  16 bats
  8 frilled lizards
  14 rats
167 creatures vanquished.

Notes
Turn   | Place    | Note
-------+----------+-------------------------------------------
     0 | D:1      | Mgcat the Minotaur Berserker began the quest for the Orb.
     0 | D:1      | Reached XP level 1. HP: 19/19 MP: 0/0
   104 | D:1      | Reached skill level 4 in Axes
   247 | D:1      | Reached XP level 2. HP: 23/26 MP: 1/1
   878 | D:2      | Reached skill level 5 in Axes
   952 | D:2      | Reached XP level 3. HP: 31/31 MP: 2/2
   966 | D:2      | Reached ** piety under Trog
  1326 | D:2      | Reached skill level 6 in Axes
  1326 | D:2      | Reached XP level 4. HP: 34/39 MP: 3/3
  1630 | D:3      | Found a hide-covered altar of Uskayaw.
  1630 | D:3      | Found a blossoming altar of Fedhas.
  1645 | D:3      | Found a sparkling altar of Nemelex Xobeh.
  1645 | D:3      | Found a shattered altar of Ashenzari.
  1886 | D:3      | Reached XP level 5. HP: 45/45 MP: 4/4
  1891 | D:3      | Reached *** piety under Trog
  1891 | D:3      | Reached skill level 7 in Axes
  1915 | D:3      | Found a shattered altar of Ashenzari.
  1930 | D:3      | Found an ancient bone altar of Kikubaaqudgha.
  2130 | D:3      | Noticed Sigmund
  2145 | D:3      | Killed Sigmund
  2145 | D:3      | Reached skill level 8 in Axes
  2145 | D:3      | Reached XP level 6. HP: 45/51 MP: 5/5
  2318 | D:4      | Reached skill level 9 in Axes
  2993 | D:5      | Entered Level 5 of the Dungeon
  3018 | D:5      | Reached XP level 7. HP: 54/57 MP: 6/6
  3123 | D:5      | Reached skill level 10 in Axes
  3356 | D:5      | Reached skill level 11 in Axes
  3394 | D:5      | Reached XP level 8. HP: 34/64 MP: 7/7
  3425 | D:5      | Noticed Blork the orc
  3441 | D:5      | Killed Blork the orc
  3452 | D:5      | Reached skill level 12 in Axes
  3843 | D:5      | Reached skill level 13 in Axes
  4019 | D:5      | Found a staircase to the Ecumenical Temple.
  4305 | D:5      | Reached **** piety under Trog
  4523 | D:6      | Noticed Duvessa
  4538 | D:6      | Killed Duvessa
  4553 | D:6      | Noticed Dowan
  4559 | D:6      | Killed Dowan
  4559 | D:6      | Reached skill level 1 in Evocations
  4710 | D:6      | Reached XP level 9. HP: 71/72 MP: 7/9
  5078 | D:6      | Found a shimmering altar of Xom.
  5352 | D:7      | Noticed Menkaure
  5355 | D:7      | Found a flagged portal.
  5357 | D:7      | Killed Menkaure
  5369 | D:7      | Reached skill level 5 in Fighting
  5373 | Bailey   | Entered a bailey
  5547 | Bailey   | Received a gift from Trog
  5651 | Bailey   | Noticed a kobold demonologist
  5652 | Bailey   | Noticed a rust devil
  5669 | Bailey   | Killed a kobold demonologist
  5669 | Bailey   | Reached skill level 5 in Armour
  5678 | Bailey   | Noticed an orc high priest
  5680 | Bailey   | Noticed a rust devil
  5689 | Bailey   | Slain by an orc high priest

Skill      XL: |  1  2  3  4  5  6  7  8  9 |
---------------+----------------------------+-----
Axes           | 4 5 6 8 9 11 13 | 13.7
Fighting       | 4 5 |  5.7
Armour         | 3 5 |  5.0
Evocations     | 1 3 |  3.1
Dodging        | |  2.1

Action                   |  1- 3 |  4- 6 |  7- 9 || total
-------------------------+-------+-------+-------++-------
Melee: Hand axe          |    99 |   142 |   163 ||   404
       Headbutt          |    11 |    22 |    63 ||    96
       War axe           |       |       |    83 ||    83
Invok: Trog's Hand       |       |     2 |     5 ||     7
       Berserk           |       |     2 |     4 ||     6
  Use: Scroll            |       |       |    11 ||    11
 Stab: Sleeping          |     1 |       |       ||     1
  Eat: Chunk             |     1 |     8 |    11 ||    20
       Ration            |       |       |     1 ||     1
Armor: Animal skin       |     4 |       |       ||     4
       Chain mail        |    51 |    72 |    60 ||   183
       Crystal plate arm |       |       |    44 ||    44
Dodge: Dodged            |    43 |    54 |    48 ||   145
